Blues vs Kings

Created - 24 novembre 2020 at 08:20

Goals
1 2 3 T
Blues 1 0 0 1
Kings 1 0 2 3
Shots
1 2 3 T
Blues 8 11 8 27
Kings 15 7 13 35

1st period

1. Kings , Artturi Lehkonen 2 (Carter Rowney 2, Sean Kuraly 1) at 18:11
2. Blues , Jonathan Drouin 1 (Christian Dvorak 2, Colin White 2) at 18:47

Penalties :
Jamie Benn (LAK) for Roughing (Minor) at 14:05

2nd period

No Goal

Penalties :
No Penalty

3rd period

3. Kings , Carter Rowney 1 (Artem Anisimov 2) at 12:00
4. Kings , Alex Ovechkin 5 (Artemi Panarin 5, Michael Del Zotto 1) at 19:27 (Empty Net)

Penalties :
Alex Ovechkin (LAK) for Hooking (Minor) at 1:53, Evander Kane (STL) for Tripping (Minor) at 15:58

Goalie Stats

Jonathan Quick (STL), 32 saves from 34 shots - (0,941), L, 1-3-0, 59:40 minutes
Semyon Varlamov (LAK), 26 saves from 27 shots - (0,963), W, 3-2-0, 60:00 minutes

Players Stats for Blues

Player Name              G  A  P  +/- PIM S  H  SB GA TA FO     MP     PP MP  PK MP  
------------------------------------------------------------------------------------
Andy Greene              0  0  0   1  0   0  0  1  0  0  0/0    22:48   2:31   1:23 
Christian Dvorak         0  1  1   0  0   1  1  0  1  1  7/13   20:46   1:40   0:30 
Colin White              0  1  1   0  0   0  3  0  0  0  0/1    19:32   1:40   0:00 
Curtis Lazar             0  0  0  -1  0   0  0  0  0  0  0/1    10:59   0:00   0:00 
Evander Kane             0  0  0   0  2   4  4  1  0  0  7/8    24:09   2:18   0:00 
Jeff Carter              0  0  0  -1  0   1  0  1  0  0  13/26  14:30   2:18   0:00 
Jonathan Drouin          1  0  1   0  0   2  0  0  0  0  0/1    21:16   1:40   0:48 
Justin Faulk             0  0  0  -1  0   0  1  1  0  2  0/0    19:11   1:27   0:36 
MacKenzie Weegar         0  0  0  -2  0   0  1  1  0  0  0/0    13:45   0:00   0:00 
Marc-Edouard Vlasic      0  0  0  -1  0   1  1  3  0  0  0/0    19:11   1:27   0:36 
Matt Martin              0  0  0  -1  0   2  2  0  0  0  0/0    10:59   0:00   0:00 
Michael Frolik           0  0  0   0  0   2  1  0  0  0  0/1    13:07   0:00   0:51 
Mike Reilly              0  0  0   0  0   0  0  0  0  0  0/0     4:16   0:00   0:00 
Morgan Rielly            0  0  0   1  0   5  2  2  0  1  0/0    27:04   2:31   1:23 
Reilly Smith             0  0  0  -1  0   6  1  1  0  1  3/7    24:55   2:18   1:04 
Ryan Reaves              0  0  0  -1  0   0  0  0  0  0  0/1     4:11   0:00   0:00 
Sean Walker              0  0  0  -2  0   0  0  0  0  1  0/0    13:45   0:00   0:00 
Zach Sanford             0  0  0  -1  0   3  0  0  0  0  1/1    13:36   0:00   0:45 

Players Stats for Kings

Player Name              G  A  P  +/- PIM S  H  SB GA TA FO     MP     PP MP  PK MP  
------------------------------------------------------------------------------------
Alex Goligoski           0  0  0   0  0   1  0  0  0  0  0/0    23:34   1:08   1:35 
Alex Ovechkin            1  0  1   1  2   5  3  1  1  0  0/1    20:30   1:09   0:29 
Alexander Radulov        0  0  0   0  0   3  0  0  0  0  1/3    19:23   1:09   0:00 
Artem Anisimov           0  1  1  -1  0   1  1  1  0  0  0/0    16:37   0:50   0:13 
Artemi Panarin           0  1  1   0  0   3  1  0  0  1  0/0    16:56   0:50   0:00 
Artturi Lehkonen         1  0  1   2  0   3  2  2  0  0  0/0    13:13   0:00   0:58 
Carter Rowney            1  1  2   2  0   2  1  1  1  0  0/0    13:58   0:00   2:18 
Danny DeKeyser           0  0  0   1  0   3  3  0  0  0  0/0    20:12   0:00   2:23 
Jamie Benn               0  0  0  -1  2   4  1  0  2  0  9/19   16:28   0:50   0:00 
Jayson Megna             0  0  0   0  0   0  1  0  0  0  1/2     9:01   0:00   0:58 
Jonas Brodin             0  0  0   1  0   0  1  1  0  0  0/0    21:07   0:51   2:23 
Luke Schenn              0  0  0   1  0   0  1  2  0  0  0/0    15:19   0:00   0:00 
Michael Del Zotto        0  1  1   1  0   0  0  1  0  0  0/0    16:14   0:51   0:00 
Nikolay Goldobin         0  0  0   0  0   2  2  0  1  0  0/0     7:42   0:00   0:00 
Sean Kuraly              0  1  1   2  0   2  1  0  0  0  5/11   14:09   0:00   2:18 
Shea Weber               0  0  0   0  0   2  1  2  0  0  0/0    23:34   1:08   1:35 
Tage Thompson            0  0  0   0  0   1  0  0  0  0  0/0     7:42   0:00   0:00 
Tomas Hertl              0  0  0   1  0   3  0  1  1  0  13/24  20:21   1:09   0:42 

3 Stars

1 - Carter Rowney (LAK)
2 - Artturi Lehkonen (LAK)
3 - Semyon Varlamov (LAK)

Power Play

Blues - 0 on 2 Attempt(s) - 0,00%
Kings - 0 on 1 Attempt(s) - 0,00%

Penalty Kill

Blues - 1 on 1 Attempt(s) - 100,00% - Score 0 goal in Penalty Kill
Kings - 2 on 2 Attempt(s) - 100,00% - Score 0 goal in Penalty Kill

Team Stat

Blues - Hits : 17 - Faceoff Wins : 31 - Blocked Shots : 11 - Penalty Minutes : 2
Kings - Hits : 19 - Faceoff Wins : 29 - Blocked Shots : 12 - Penalty Minutes : 4

Official

Referees : Eric Furlatt and Ben O'Quinn
Linesman : Glen Cooke and Steven Berry

Game Notes

Alex Ovechkin has scored in a empty net!

Finance

Level 1 -- Attendance: 5826 (97,10%) -- Ticket Income 524 340 $
Level 2 -- Attendance: 5000 (100,00%) -- Ticket Income 250 000 $
Level 3 -- Attendance: 2000 (100,00%) -- Ticket Income 60 000 $
Level 4 -- Attendance: 4000 (100,00%) -- Ticket Income 40 000 $
Luxury Box -- Attendance: 963 (96,30%) -- Ticket Income 154 080 $
Game was played at the Hollywood Garden.
Total Attendance: 17789 (98,83%)
Total Ticket Income: 1 028 420 $
Other Income: 503 926 $
Total Income: 1 532 346 $

Blues

5 vs 5 Forward 
   Center                   Left Wing                Right Wing               Time % Phy DF OF 
 1 Jeff Carter              Evander Kane             Reilly Smith             40     1   2  2  
 2 Christian Dvorak         Jonathan Drouin          Colin White              30     1   2  2  
 3 Evander Kane             Zach Sanford             Michael Frolik           20     1   2  2  
 4 Reilly Smith             Matt Martin              Curtis Lazar             10     1   2  2  

5 vs 5 Defense 
   Defense                  Defense                                           Time % Phy DF OF 
 1 Morgan Rielly            Andy Greene                                       40     1   2  2  
 2 Marc-Edouard Vlasic      Justin Faulk                                      30     1   2  2  
 3 MacKenzie Weegar         Sean Walker                                       20     1   2  2  
 4 Mike Reilly              Morgan Rielly                                     10     1   2  2  

PowerPlay Forward 
   Center                   Left Wing                Right Wing               Time % Phy DF OF 
 1 Jeff Carter              Evander Kane             Reilly Smith             60     1   2  2  
 2 Christian Dvorak         Jonathan Drouin          Colin White              40     1   2  2  

PowerPlay Defense
   Defense                  Defense                                           Time % Phy DF OF 
 1 Morgan Rielly            Andy Greene                                       60     1   2  2  
 2 Marc-Edouard Vlasic      Justin Faulk                                      40     1   2  2  

Penalty Kill 4 Players Forward 
   Center                   Wing                     Time % Phy DF OF 
 1 Evander Kane             Reilly Smith             60     1   2  2  
 2 Jeff Carter              Christian Dvorak         40     1   2  2  

Penalty Kill 4 Players Defense
   Defense                  Defense                  Time % Phy DF OF 
 1 Morgan Rielly            Andy Greene              60     1   2  2  
 2 Marc-Edouard Vlasic      Justin Faulk             40     1   2  2  

Penalty Kill - 3 Players Forward 
   Forward                                           Time % Phy DF OF 
 1 Evander Kane                                      60     1   2  2  
 2 Reilly Smith                                      40     1   2  2  

Penalty Kill - 3 Players Defense
   Defense                  Defense                  Time % Phy DF OF 
 1 Morgan Rielly            Andy Greene              60     1   2  2  
 2 Marc-Edouard Vlasic      Justin Faulk             40     1   2  2  

4 vs 4 Forward 
   Center                   Wing                     Time % Phy DF OF 
 1 Evander Kane             Reilly Smith             60     1   2  2  
 2 Jeff Carter              Christian Dvorak         40     1   2  2  

4 vs 4 Defense
   Defense                  Defense                  Time % Phy DF OF 
 1 Morgan Rielly            Andy Greene              60     1   2  2  
 2 Marc-Edouard Vlasic      Justin Faulk             40     1   2  2  

Last Minutes Offensive
   Center                   Left Wing                Right Wing               Defense                  Defense                  
   Jeff Carter              Evander Kane             Reilly Smith             Morgan Rielly            Andy Greene              

Last Minutes Defensive
   Center                   Left Wing                Right Wing               Defense                  Defense                  
   Jeff Carter              Evander Kane             Reilly Smith             Morgan Rielly            Andy Greene              

Goaltenders
Starting : Jonathan Quick           
Backup : Brian Elliott            

Extra Forwards
Normal : Ryan Reaves, Zach Sanford, Michael Frolik - PP : Ryan Reaves, Zach Sanford - PK : Michael Frolik
Extra Defensemen
Normal : MacKenzie Weegar, Sean Walker, Mike Reilly - PP : MacKenzie Weegar - PK : Sean Walker, Mike Reilly
Penalty Shots
Evander Kane, Reilly Smith, Jeff Carter, Christian Dvorak, Jonathan Drouin
Custom OT Lines Forwards
Evander Kane, Reilly Smith, Jeff Carter, Christian Dvorak, Jonathan Drouin, Colin White, Zach Sanford, Michael Frolik, Curtis Lazar, Matt Martin
Custom OT Lines Defensemen
Morgan Rielly, Andy Greene, Marc-Edouard Vlasic, Justin Faulk, MacKenzie Weegar

Scratches
Anthony Cirelli (Healthy), Evgeny Kuznetsov (Healthy), Dominik Simon (Healthy)

Kings

5 vs 5 Forward 
   Center                   Left Wing                Right Wing               Time % Phy DF OF 
 1 Tomas Hertl              Alex Ovechkin            Alexander Radulov        38     1   2  2  
 2 Jamie Benn               Artem Anisimov           Artemi Panarin           33     1   2  2  
 3 Sean Kuraly              Artturi Lehkonen         Carter Rowney            20     1   2  2  
 4 Jayson Megna             Nikolay Goldobin         Tage Thompson            9      1   2  2  

5 vs 5 Defense 
   Defense                  Defense                                           Time % Phy DF OF 
 1 Shea Weber               Alex Goligoski                                    40     1   2  2  
 2 Jonas Brodin             Danny DeKeyser                                    35     1   2  2  
 3 Michael Del Zotto        Luke Schenn                                       25     1   2  2  
 4 Shea Weber               Alex Goligoski                                    0      1   2  2  

PowerPlay Forward 
   Center                   Left Wing                Right Wing               Time % Phy DF OF 
 1 Tomas Hertl              Alex Ovechkin            Alexander Radulov        60     0   1  4  
 2 Jamie Benn               Artem Anisimov           Artemi Panarin           40     0   1  4  

PowerPlay Defense
   Defense                  Defense                                           Time % Phy DF OF 
 1 Shea Weber               Alex Goligoski                                    60     1   3  1  
 2 Jonas Brodin             Michael Del Zotto                                 40     1   3  1  

Penalty Kill 4 Players Forward 
   Center                   Wing                     Time % Phy DF OF 
 1 Sean Kuraly              Carter Rowney            60     1   4  0  
 2 Jayson Megna             Artturi Lehkonen         40     1   4  0  

Penalty Kill 4 Players Defense
   Defense                  Defense                  Time % Phy DF OF 
 1 Jonas Brodin             Danny DeKeyser           60     1   4  0  
 2 Shea Weber               Alex Goligoski           40     1   4  0  

Penalty Kill - 3 Players Forward 
   Forward                                           Time % Phy DF OF 
 1 Tomas Hertl                                       60     1   4  0  
 2 Sean Kuraly                                       40     1   4  0  

Penalty Kill - 3 Players Defense
   Defense                  Defense                  Time % Phy DF OF 
 1 Shea Weber               Alex Goligoski           60     1   4  0  
 2 Jonas Brodin             Danny DeKeyser           40     1   4  0  

4 vs 4 Forward 
   Center                   Wing                     Time % Phy DF OF 
 1 Tomas Hertl              Alex Ovechkin            60     1   2  2  
 2 Jamie Benn               Artemi Panarin           40     1   2  2  

4 vs 4 Defense
   Defense                  Defense                  Time % Phy DF OF 
 1 Shea Weber               Alex Goligoski           60     1   2  2  
 2 Jonas Brodin             Danny DeKeyser           40     1   2  2  

Last Minutes Offensive
   Center                   Left Wing                Right Wing               Defense                  Defense                  
   Tomas Hertl              Alex Ovechkin            Artemi Panarin           Shea Weber               Alex Goligoski           

Last Minutes Defensive
   Center                   Left Wing                Right Wing               Defense                  Defense                  
   Tomas Hertl              Alex Ovechkin            Artemi Panarin           Shea Weber               Alex Goligoski           

Goaltenders
Starting : Semyon Varlamov          
Backup : Devan Dubnyk             

Extra Forwards
Normal : Artturi Lehkonen, Sean Kuraly, Carter Rowney - PP : Artturi Lehkonen, Sean Kuraly - PK : Carter Rowney
Extra Defensemen
Normal : Michael Del Zotto, Luke Schenn, Jonas Brodin - PP : Michael Del Zotto - PK : Luke Schenn, Jonas Brodin
Penalty Shots
Alex Ovechkin, Artemi Panarin, Tomas Hertl, Jamie Benn, Alexander Radulov
Custom OT Lines Forwards
Alex Ovechkin, Artemi Panarin, Tomas Hertl, Jamie Benn, Alexander Radulov, Artem Anisimov, Artturi Lehkonen, Sean Kuraly, Carter Rowney, Jayson Megna
Custom OT Lines Defensemen
Shea Weber, Alex Goligoski, Jonas Brodin, Danny DeKeyser, Michael Del Zotto

Scratches
None


% Time on Ice - Blues

Lines # - Real PCT - Wanted PCT - Time Play
Normal Forward
1 - 23% - 40% - 12:21
2 - 33% - 30% - 17:52
3 - 23% - 20% - 12:16
4 - 21% - 10% - 10:59
Normal Defense
1 - 35% - 40% - 18:54
2 - 32% - 30% - 17:08
3 - 25% - 20% - 13:10
4 - 8% - 10% - 4:16
PP Forward
1 - 58% - 60% - 2:18
2 - 42% - 40% - 1:40
PP Defense
1 - 63% - 60% - 2:31
2 - 37% - 40% - 1:27
PK Forward
1 - 100% - 60% - 1:59
2 - 0% - 40% - 0:00
PK Defense
1 - 70% - 60% - 1:23
2 - 30% - 40% - 0:36
PK3 Forward
1 - 0% - 60%
2 - 0% - 40%
PK3 Defense
1 - 0% - 60%
2 - 0% - 40%
44 Forward
1 - 0% - 60%
2 - 0% - 40%
44 Defense
1 - 0% - 60%
2 - 0% - 40%
Last Minute Offensive  - 0:35
Last Minute Defensive  - 0:00
Total
Forward - 60:00
Defense - 60:00

% Time on Ice - Kings

Lines # - Real PCT - Wanted PCT - Time Play
Normal Forward
1 - 34% - 38% - 18:19
2 - 30% - 33% - 15:55
3 - 22% - 20% - 11:35
4 - 14% - 9% - 7:42
Normal Defense
1 - 38% - 40% - 20:25
2 - 34% - 35% - 18:19
3 - 28% - 25% - 14:47
4 - 0% - 0% - 0:00
PP Forward
1 - 58% - 60% - 1:09
2 - 42% - 40% - 0:50
PP Defense
1 - 57% - 60% - 1:08
2 - 43% - 40% - 0:51
PK Forward
1 - 76% - 60% - 3:00
2 - 24% - 40% - 0:58
PK Defense
1 - 60% - 60% - 2:23
2 - 40% - 40% - 1:35
PK3 Forward
1 - 0% - 60%
2 - 0% - 40%
PK3 Defense
1 - 0% - 60%
2 - 0% - 40%
44 Forward
1 - 0% - 60%
2 - 0% - 40%
44 Defense
1 - 0% - 60%
2 - 0% - 40%
Last Minute Offensive  - 0:00
Last Minute Defensive  - 0:32
Total
Forward - 60:00
Defense - 60:00

Play-by-Play

1st period


0:01 of 1st period - Jeff Carter wins face-off versus Tomas Hertl in neutral zone.
0:08 of 1st period - Slapshot by Evander Kane.
0:08 of 1st period - Stopped by Semyon Varlamov with a rebound.
0:10 of 1st period - Snap shot by Reilly Smith.
0:10 of 1st period - Shot Hit the Post.
0:12 of 1st period - Snap shot by Evander Kane.
0:12 of 1st period - Shot Misses the Net.
0:14 of 1st period - Slapshot by Andy Greene.
0:14 of 1st period - Shot Blocked by Shea Weber.
0:16 of 1st period - Slapshot by Morgan Rielly.
0:16 of 1st period - Deflect By Shea Weber.
0:16 of 1st period - Stopped by Semyon Varlamov with a rebound.
0:31 of 1st period - Alex Goligoski is hit by Marc-Edouard Vlasic and loses puck.
1:44 of 1st period - Slapshot by Christian Dvorak.
1:44 of 1st period - Shot Blocked by Michael Del Zotto.
2:31 of 1st period - Slapshot by Artemi Panarin.
2:31 of 1st period - Deflect By Jamie Benn.
2:31 of 1st period - Shot Misses the Net.
2:31 of 1st period - Puck is out of play.
2:32 of 1st period - Jamie Benn wins face-off versus Ryan Reaves in Blues zone.
2:35 of 1st period - Snap shot by Jamie Benn.
2:35 of 1st period - Stopped by Jonathan Quick without a rebound.
2:36 of 1st period - Jeff Carter wins face-off versus Jamie Benn in Blues zone.
3:03 of 1st period - Snap shot by Artem Anisimov.
3:03 of 1st period - Shot Blocked by Morgan Rielly.
3:11 of 1st period - Snap shot by Artem Anisimov.
3:11 of 1st period - Deflect By Artemi Panarin.
3:11 of 1st period - Stopped by Jonathan Quick without a rebound.
3:12 of 1st period - Alexander Radulov wins face-off versus Christian Dvorak in Blues zone.
4:08 of 1st period - Shea Weber is hit by Evander Kane and loses puck.
4:32 of 1st period - Jonathan Drouin is hit by Alex Ovechkin and loses puck.
5:04 of 1st period - Snap shot by Jamie Benn.
5:04 of 1st period - Stopped by Jonathan Quick without a rebound.
5:05 of 1st period - Jeff Carter wins face-off versus Tomas Hertl in Blues zone.
6:40 of 1st period - Icing by Tomas Hertl.
6:41 of 1st period - Tomas Hertl wins face-off versus Curtis Lazar in Kings zone.
6:41 of 1st period - Tomas Hertl is hit by Matt Martin.
8:01 of 1st period - Wrist shot by Evander Kane.
8:01 of 1st period - Deflect By Michael Frolik.
8:01 of 1st period - Shot Misses the Net.
8:01 of 1st period - Puck is out of play.
8:02 of 1st period - Tomas Hertl wins face-off versus Jeff Carter in Kings zone.
8:02 of 1st period - Tomas Hertl is hit by Morgan Rielly.
8:16 of 1st period - Snap shot by Evander Kane.
8:16 of 1st period - Shot Misses the Net.
8:18 of 1st period - Slapshot by Evander Kane.
8:18 of 1st period - Deflect By Reilly Smith.
8:18 of 1st period - Shot Misses the Net.
8:18 of 1st period - Puck is out of play.
8:19 of 1st period - Jeff Carter wins face-off versus Jamie Benn in Kings zone.
8:26 of 1st period - Snap shot by Reilly Smith.
8:26 of 1st period - Stopped by Semyon Varlamov without a rebound.
8:27 of 1st period - Jeff Carter wins face-off versus Jamie Benn in Kings zone.
8:54 of 1st period - Snap shot by Alex Ovechkin.
8:54 of 1st period - Deflect By Morgan Rielly.
8:54 of 1st period - Shot Misses the Net.
8:54 of 1st period - Puck is out of play.
8:55 of 1st period - Tomas Hertl wins face-off versus Christian Dvorak in Blues zone.
9:24 of 1st period - Snap shot by Alex Ovechkin.
9:24 of 1st period - Shot Misses the Net.
9:26 of 1st period - Slapshot by Shea Weber.
9:26 of 1st period - Deflect By Tomas Hertl.
9:26 of 1st period - Stopped by Jonathan Quick without a rebound.
9:27 of 1st period - Jamie Benn wins face-off versus Reilly Smith in Blues zone.
10:16 of 1st period - Wrist shot by Alex Ovechkin.
10:16 of 1st period - Stopped by Jonathan Quick without a rebound.
10:17 of 1st period - Reilly Smith wins face-off versus Tomas Hertl in Blues zone.
10:24 of 1st period - Snap shot by Reilly Smith.
10:24 of 1st period - Stopped by Semyon Varlamov without a rebound.
10:25 of 1st period - Tomas Hertl wins face-off versus Jeff Carter in Kings zone.
10:29 of 1st period - Icing by Tomas Hertl.
10:30 of 1st period - Tomas Hertl wins face-off versus Jeff Carter in Kings zone.
10:45 of 1st period - Wrist shot by Alexander Radulov.
10:45 of 1st period - Shot Blocked by Jeff Carter.
10:47 of 1st period - Wrist shot by Alex Ovechkin.
10:47 of 1st period - Stopped by Jonathan Quick without a rebound.
10:48 of 1st period - Christian Dvorak wins face-off versus Jamie Benn in Blues zone.
11:18 of 1st period - Snap shot by Alex Ovechkin.
11:18 of 1st period - Stopped by Jonathan Quick without a rebound.
11:19 of 1st period - Jeff Carter wins face-off versus Tomas Hertl in Blues zone.
11:57 of 1st period - Wrist shot by Artturi Lehkonen.
11:57 of 1st period - Stopped by Jonathan Quick without a rebound.
11:58 of 1st period - Jamie Benn wins face-off versus Jeff Carter in Blues zone.
12:07 of 1st period - Slapshot by Jamie Benn.
12:07 of 1st period - Stopped by Jonathan Quick without a rebound.
12:08 of 1st period - Jamie Benn wins face-off versus Jeff Carter in Blues zone.
12:11 of 1st period - Snap shot by Jamie Benn.
12:11 of 1st period - Stopped by Jonathan Quick with a rebound.
12:13 of 1st period - Snap shot by Artemi Panarin.
12:13 of 1st period - Shot Blocked by Andy Greene.
12:15 of 1st period - Snap shot by Artem Anisimov.
12:15 of 1st period - Shot Misses the Net.
12:17 of 1st period - Wrist shot by Jamie Benn.
12:17 of 1st period - Deflect By Artem Anisimov.
12:17 of 1st period - Stopped by Jonathan Quick without a rebound.
12:18 of 1st period - Reilly Smith wins face-off versus Alexander Radulov in Blues zone.
12:31 of 1st period - Snap shot by Alexander Radulov.
12:31 of 1st period - Deflect By Tomas Hertl.
12:31 of 1st period - Shot Blocked by Evander Kane.
12:31 of 1st period - Puck is out of play.
12:32 of 1st period - Jamie Benn wins face-off versus Jeff Carter in Blues zone.
12:35 of 1st period - Snap shot by Artemi Panarin.
12:35 of 1st period - Stopped by Jonathan Quick without a rebound.
12:36 of 1st period - Jeff Carter wins face-off versus Jamie Benn in Blues zone.
13:11 of 1st period - Snap shot by Christian Dvorak.
13:11 of 1st period - Shot Misses the Net.
13:21 of 1st period - Slapshot by Shea Weber.
13:21 of 1st period - Shot Misses the Net.
14:05 of 1st period - Minor Penalty to Jamie Benn for Roughing.
14:06 of 1st period - Sean Kuraly wins face-off versus Jeff Carter in Kings zone.
14:06 of 1st period - Sean Kuraly is hit by Evander Kane.
15:50 of 1st period - Jeff Carter is hit by Alex Ovechkin.
15:54 of 1st period - Evander Kane is hit by Alex Ovechkin and loses puck.
16:05 of 1st period - Penalty to Jamie Benn is over, Jamie Benn is back on ice.
16:51 of 1st period - MacKenzie Weegar is hit by Luke Schenn and loses puck.
17:14 of 1st period - Sean Walker is hit by Nikolay Goldobin and loses puck.
17:39 of 1st period - Icing by Matt Martin.
17:40 of 1st period - Jamie Benn wins face-off versus Reilly Smith in Blues zone.
17:51 of 1st period - Slapshot by Alexander Radulov.
17:51 of 1st period - Stopped by Jonathan Quick with a rebound.
18:11 of 1st period - Snap shot by Carter Rowney.
18:11 of 1st period - Deflect By Artturi Lehkonen.
18:11 of 1st period - Goal by Artturi Lehkonen - Blues : 0 - Kings : 1.
18:12 of 1st period - Evander Kane wins face-off versus Alex Ovechkin in neutral zone.
18:45 of 1st period - Wrist shot by Christian Dvorak.
18:45 of 1st period - Shot Misses the Net.
18:47 of 1st period - Snap shot by Jonathan Drouin.
18:47 of 1st period - Goal by Jonathan Drouin - Blues : 1 - Kings : 1.
18:48 of 1st period - Jeff Carter wins face-off versus Tomas Hertl in neutral zone.
18:53 of 1st period - Wrist shot by Evander Kane.
18:53 of 1st period - Stopped by Semyon Varlamov without a rebound.
18:54 of 1st period - Tomas Hertl wins face-off versus Jeff Carter in Kings zone.
19:01 of 1st period - Wrist shot by Tomas Hertl.
19:01 of 1st period - Stopped by Jonathan Quick without a rebound.
19:02 of 1st period - Evander Kane wins face-off versus Tomas Hertl in Blues zone.
19:16 of 1st period - Tomas Hertl is hit by Reilly Smith and loses puck.
19:27 of 1st period - Colin White is hit by Jamie Benn and loses puck.
19:52 of 1st period - Wrist shot by Evander Kane.
19:52 of 1st period - Shot Blocked by Artturi Lehkonen.
19:54 of 1st period - Slapshot by Morgan Rielly.
19:54 of 1st period - Stopped by Semyon Varlamov with a rebound.
19:56 of 1st period - Slapshot by Morgan Rielly.
19:56 of 1st period - Shot Misses the Net.
19:58 of 1st period - Wrist shot by Michael Frolik.
19:58 of 1st period - Stopped by Semyon Varlamov without a rebound.
19:59 of 1st period - Jeff Carter wins face-off versus Tomas Hertl in Kings zone.
Goals for this period are 1 for Blues vs 1 for Kings.
Shots for this period are 8 for Blues vs 15 for Kings.

2nd period


0:01 of 2nd period - Tomas Hertl wins face-off versus Jeff Carter in neutral zone.
1:10 of 2nd period - Jayson Megna is hit by Matt Martin.
1:39 of 2nd period - Off-side.
1:40 of 2nd period - Sean Kuraly wins face-off versus Evander Kane in neutral zone.
1:47 of 2nd period - Backhand shot by Zach Sanford.
1:47 of 2nd period - Shot Blocked by Carter Rowney.
1:49 of 2nd period - Slapshot by Evander Kane.
1:49 of 2nd period - Shot Misses the Net.
2:48 of 2nd period - Evander Kane is hit by Danny DeKeyser.
3:34 of 2nd period - Snap shot by Zach Sanford.
3:34 of 2nd period - Deflect By Michael Frolik.
3:34 of 2nd period - Shot Misses the Net.
3:34 of 2nd period - Puck is out of play.
3:35 of 2nd period - Evander Kane wins face-off versus Jamie Benn in Kings zone.
3:42 of 2nd period - Slapshot by Evander Kane.
3:42 of 2nd period - Shot Misses the Net.
3:44 of 2nd period - Snap shot by Michael Frolik.
3:44 of 2nd period - Deflect By Jamie Benn.
3:44 of 2nd period - Stopped by Semyon Varlamov with a rebound.
4:01 of 2nd period - Justin Faulk is hit by Sean Kuraly and loses puck.
5:13 of 2nd period - Off-side.
5:14 of 2nd period - Evander Kane wins face-off versus Sean Kuraly in neutral zone.
5:23 of 2nd period - Marc-Edouard Vlasic is hit by Danny DeKeyser and loses puck.
5:28 of 2nd period - Wrist shot by Sean Kuraly.
5:28 of 2nd period - Stopped by Jonathan Quick without a rebound.
5:29 of 2nd period - Christian Dvorak wins face-off versus Tomas Hertl in Blues zone.
5:36 of 2nd period - Jonas Brodin is hit by Colin White.
5:58 of 2nd period - Wrist shot by Reilly Smith.
5:58 of 2nd period - Stopped by Semyon Varlamov without a rebound.
5:59 of 2nd period - Jamie Benn wins face-off versus Reilly Smith in Kings zone.
6:30 of 2nd period - Snap shot by Jonathan Drouin.
6:30 of 2nd period - Stopped by Semyon Varlamov with a rebound.
6:32 of 2nd period - Slapshot by Justin Faulk.
6:32 of 2nd period - Shot Misses the Net.
6:34 of 2nd period - Slapshot by Colin White.
6:34 of 2nd period - Shot Blocked by Artem Anisimov.
7:24 of 2nd period - Matt Martin is hit by Nikolay Goldobin and loses puck.
8:09 of 2nd period - Snap shot by Reilly Smith.
8:09 of 2nd period - Stopped by Semyon Varlamov with a rebound.
8:11 of 2nd period - Wrist shot by Marc-Edouard Vlasic.
8:11 of 2nd period - Stopped by Semyon Varlamov without a rebound.
8:12 of 2nd period - Sean Kuraly wins face-off versus Jonathan Drouin in Kings zone.
8:44 of 2nd period - Snap shot by Zach Sanford.
8:44 of 2nd period - Stopped by Semyon Varlamov with a rebound.
10:57 of 2nd period - Slapshot by Tage Thompson.
10:57 of 2nd period - Shot Blocked by Marc-Edouard Vlasic.
10:59 of 2nd period - Wrist shot by Tage Thompson.
10:59 of 2nd period - Shot Misses the Net.
11:01 of 2nd period - Snap shot by Tage Thompson.
11:01 of 2nd period - Shot Blocked by Justin Faulk.
11:03 of 2nd period - Slapshot by Alex Goligoski.
11:03 of 2nd period - Shot Blocked by Marc-Edouard Vlasic.
11:05 of 2nd period - Snap shot by Nikolay Goldobin.
11:05 of 2nd period - Stopped by Jonathan Quick with a rebound.
11:07 of 2nd period - Slapshot by Shea Weber.
11:07 of 2nd period - Deflect By Jayson Megna.
11:07 of 2nd period - Shot Misses the Net.
11:07 of 2nd period - Puck is out of play.
11:08 of 2nd period - Tomas Hertl wins face-off versus Christian Dvorak in Blues zone.
11:47 of 2nd period - Wrist shot by Alexander Radulov.
11:47 of 2nd period - Shot Blocked by Reilly Smith.
11:49 of 2nd period - Slapshot by Alex Ovechkin.
11:49 of 2nd period - Deflect By Tomas Hertl.
11:49 of 2nd period - Shot Misses the Net.
11:49 of 2nd period - Puck is out of play.
11:50 of 2nd period - Christian Dvorak wins face-off versus Jamie Benn in Blues zone.
12:03 of 2nd period - Slapshot by Artemi Panarin.
12:03 of 2nd period - Shot Misses the Net.
12:05 of 2nd period - Slapshot by Alex Goligoski.
12:05 of 2nd period - Stopped by Jonathan Quick without a rebound.
12:06 of 2nd period - Jeff Carter wins face-off versus Sean Kuraly in Blues zone.
12:06 of 2nd period - Jeff Carter is hit by Carter Rowney.
12:12 of 2nd period - Evander Kane is hit by Artturi Lehkonen and loses puck.
12:32 of 2nd period - Christian Dvorak is hit by Artem Anisimov and loses puck.
12:59 of 2nd period - Snap shot by Tage Thompson.
12:59 of 2nd period - Shot Misses the Net.
13:01 of 2nd period - Snap shot by Nikolay Goldobin.
13:01 of 2nd period - Shot Misses the Net.
13:13 of 2nd period - Shea Weber is hit by Justin Faulk and loses puck.
13:34 of 2nd period - Colin White is hit by Artemi Panarin and loses puck.
14:06 of 2nd period - Icing by Sean Walker.
14:07 of 2nd period - Tomas Hertl wins face-off versus Reilly Smith in Blues zone.
14:14 of 2nd period - Snap shot by Alex Ovechkin.
14:14 of 2nd period - Deflect By Alexander Radulov.
14:14 of 2nd period - Stopped by Jonathan Quick with a rebound.
14:28 of 2nd period - Wrist shot by Reilly Smith.
14:28 of 2nd period - Stopped by Semyon Varlamov with a rebound.
14:30 of 2nd period - Wrist shot by Reilly Smith.
14:30 of 2nd period - Shot Blocked by Luke Schenn.
14:32 of 2nd period - Slapshot by MacKenzie Weegar.
14:32 of 2nd period - Shot Misses the Net.
14:34 of 2nd period - Slapshot by MacKenzie Weegar.
14:34 of 2nd period - Shot Blocked by Luke Schenn.
14:36 of 2nd period - Slapshot by Curtis Lazar.
14:36 of 2nd period - Shot Blocked by Alex Ovechkin.
14:49 of 2nd period - Slapshot by Reilly Smith.
14:49 of 2nd period - Shot Misses the Net.
14:51 of 2nd period - Snap shot by Reilly Smith.
14:51 of 2nd period - Stopped by Semyon Varlamov with a rebound.
14:53 of 2nd period - Slapshot by Matt Martin.
14:53 of 2nd period - Stopped by Semyon Varlamov without a rebound.
14:54 of 2nd period - Christian Dvorak wins face-off versus Jamie Benn in Kings zone.
14:55 of 2nd period - Snap shot by Jonathan Drouin.
14:55 of 2nd period - Deflect By Christian Dvorak.
14:55 of 2nd period - Shot Misses the Net.
14:55 of 2nd period - Puck is out of play.
14:56 of 2nd period - Jamie Benn wins face-off versus Christian Dvorak in Kings zone.
16:41 of 2nd period - Snap shot by Michael Frolik.
16:41 of 2nd period - Shot Misses the Net.
16:55 of 2nd period - Slapshot by Sean Kuraly.
16:55 of 2nd period - Stopped by Jonathan Quick with a rebound.
16:57 of 2nd period - Slapshot by Danny DeKeyser.
16:57 of 2nd period - Stopped by Jonathan Quick with a rebound.
16:59 of 2nd period - Wrist shot by Artturi Lehkonen.
16:59 of 2nd period - Stopped by Jonathan Quick without a rebound.
17:00 of 2nd period - Zach Sanford wins face-off versus Alexander Radulov in Blues zone.
17:05 of 2nd period - Snap shot by Morgan Rielly.
17:05 of 2nd period - Stopped by Semyon Varlamov without a rebound.
17:06 of 2nd period - Evander Kane wins face-off versus Tomas Hertl in Kings zone.
17:13 of 2nd period - Wrist shot by Zach Sanford.
17:13 of 2nd period - Stopped by Semyon Varlamov with a rebound.
17:35 of 2nd period - Wrist shot by Artem Anisimov.
17:35 of 2nd period - Shot Blocked by Morgan Rielly.
17:49 of 2nd period - Wrist shot by Reilly Smith.
17:49 of 2nd period - Deflect By Evander Kane.
17:49 of 2nd period - Shot Misses the Net.
17:49 of 2nd period - Puck is out of play.
17:50 of 2nd period - Jeff Carter wins face-off versus Sean Kuraly in Kings zone.
17:57 of 2nd period - Wrist shot by Evander Kane.
17:57 of 2nd period - Shot Misses the Net.
18:41 of 2nd period - Jamie Benn is hit by Evander Kane.
19:03 of 2nd period - Icing by Jonas Brodin.
19:04 of 2nd period - Sean Kuraly wins face-off versus Christian Dvorak in Kings zone.
19:29 of 2nd period - Tomas Hertl is hit by Morgan Rielly and loses puck.
Goals for this period are 0 for Blues vs 0 for Kings.
Shots for this period are 11 for Blues vs 7 for Kings.

3rd period


0:01 of 3rd period - Jamie Benn wins face-off versus Jeff Carter in neutral zone.
0:26 of 3rd period - Alex Ovechkin is hit by Colin White and loses puck.
0:48 of 3rd period - Snap shot by Morgan Rielly.
0:48 of 3rd period - Stopped by Semyon Varlamov without a rebound.
0:49 of 3rd period - Evander Kane wins face-off versus Sean Kuraly in Kings zone.
1:00 of 3rd period - Snap shot by Zach Sanford.
1:00 of 3rd period - Stopped by Semyon Varlamov with a rebound.
1:02 of 3rd period - Slapshot by Marc-Edouard Vlasic.
1:02 of 3rd period - Shot Blocked by Shea Weber.
1:14 of 3rd period - Jonathan Drouin is hit by Shea Weber and loses puck.
1:45 of 3rd period - Slapshot by Jonas Brodin.
1:45 of 3rd period - Shot Blocked by MacKenzie Weegar.
1:53 of 3rd period - Minor Penalty to Alex Ovechkin for Hooking.
1:54 of 3rd period - Sean Kuraly wins face-off versus Jeff Carter in Kings zone.
2:27 of 3rd period - Slapshot by Morgan Rielly.
2:27 of 3rd period - Deflect By Colin White.
2:27 of 3rd period - Shot Misses the Net.
2:27 of 3rd period - Puck is out of play.
2:28 of 3rd period - Jayson Megna wins face-off versus Colin White in Kings zone.
2:44 of 3rd period - Icing by Justin Faulk.
2:45 of 3rd period - Jeff Carter wins face-off versus Sean Kuraly in Blues zone.
2:50 of 3rd period - Danny DeKeyser is hit by Evander Kane.
3:00 of 3rd period - Snap shot by Evander Kane.
3:00 of 3rd period - Shot Blocked by Jonas Brodin.
3:53 of 3rd period - Penalty to Alex Ovechkin is over, Alex Ovechkin is back on ice.
4:07 of 3rd period - Slapshot by Justin Faulk.
4:07 of 3rd period - Shot Misses the Net.
4:09 of 3rd period - Snap shot by Matt Martin.
4:09 of 3rd period - Shot Blocked by Artturi Lehkonen.
4:49 of 3rd period - Tage Thompson is hit by MacKenzie Weegar and loses puck.
5:02 of 3rd period - Wrist shot by Artemi Panarin.
5:02 of 3rd period - Stopped by Jonathan Quick with a rebound.
5:42 of 3rd period - Andy Greene is hit by Jayson Megna.
5:50 of 3rd period - Mike Reilly is hit by Jonas Brodin and loses puck.
6:07 of 3rd period - Snap shot by Jamie Benn.
6:07 of 3rd period - Shot Misses the Net.
7:19 of 3rd period - Michael Del Zotto is hit by Michael Frolik and loses puck.
7:55 of 3rd period - Snap shot by Nikolay Goldobin.
7:55 of 3rd period - Stopped by Jonathan Quick without a rebound.
7:56 of 3rd period - Evander Kane wins face-off versus Tomas Hertl in Blues zone.
9:01 of 3rd period - Slapshot by Danny DeKeyser.
9:01 of 3rd period - Stopped by Jonathan Quick without a rebound.
9:02 of 3rd period - Tomas Hertl wins face-off versus Jeff Carter in Blues zone.
9:05 of 3rd period - Slapshot by Alex Ovechkin.
9:05 of 3rd period - Deflect By Tomas Hertl.
9:05 of 3rd period - Stopped by Jonathan Quick with a rebound.
9:26 of 3rd period - Artemi Panarin is hit by Colin White and loses puck.
9:37 of 3rd period - Slapshot by Shea Weber.
9:37 of 3rd period - Stopped by Jonathan Quick without a rebound.
9:38 of 3rd period - Reilly Smith wins face-off versus Sean Kuraly in Blues zone.
9:48 of 3rd period - Reilly Smith is hit by Artturi Lehkonen and loses puck.
10:12 of 3rd period - Snap shot by Alex Ovechkin.
10:12 of 3rd period - Stopped by Jonathan Quick with a rebound.
10:14 of 3rd period - Slapshot by Alexander Radulov.
10:14 of 3rd period - Stopped by Jonathan Quick without a rebound.
10:15 of 3rd period - Jeff Carter wins face-off versus Jamie Benn in Blues zone.
10:24 of 3rd period - Slapshot by Evander Kane.
10:24 of 3rd period - Deflect By Jeff Carter.
10:24 of 3rd period - Stopped by Semyon Varlamov with a rebound.
10:26 of 3rd period - Wrist shot by Evander Kane.
10:26 of 3rd period - Stopped by Semyon Varlamov with a rebound.
10:33 of 3rd period - Icing by Artem Anisimov.
10:34 of 3rd period - Christian Dvorak wins face-off versus Jamie Benn in Kings zone.
10:49 of 3rd period - Wrist shot by Jamie Benn.
10:49 of 3rd period - Shot Misses the Net.
11:08 of 3rd period - Slapshot by Evander Kane.
11:08 of 3rd period - Stopped by Semyon Varlamov with a rebound.
12:00 of 3rd period - Wrist shot by Carter Rowney.
12:00 of 3rd period - Goal by Carter Rowney - Blues : 1 - Kings : 2.
12:01 of 3rd period - Tomas Hertl wins face-off versus Jeff Carter in neutral zone.
12:34 of 3rd period - Artem Anisimov is hit by Christian Dvorak and loses puck.
12:49 of 3rd period - Slapshot by Morgan Rielly.
12:49 of 3rd period - Stopped by Semyon Varlamov with a rebound.
13:57 of 3rd period - Slapshot by Tage Thompson.
13:57 of 3rd period - Stopped by Jonathan Quick without a rebound.
13:58 of 3rd period - Christian Dvorak wins face-off versus Jayson Megna in Blues zone.
14:07 of 3rd period - Slapshot by Shea Weber.
14:07 of 3rd period - Stopped by Jonathan Quick with a rebound.
14:11 of 3rd period - Wrist shot by Tage Thompson.
14:11 of 3rd period - Shot Misses the Net.
14:27 of 3rd period - Wrist shot by Evander Kane.
14:27 of 3rd period - Shot Blocked by Tomas Hertl.
14:59 of 3rd period - Wrist shot by Reilly Smith.
14:59 of 3rd period - Deflect By Matt Martin.
14:59 of 3rd period - Stopped by Semyon Varlamov with a rebound.
15:29 of 3rd period - Snap shot by Danny DeKeyser.
15:29 of 3rd period - Deflect By Marc-Edouard Vlasic.
15:29 of 3rd period - Stopped by Jonathan Quick with a rebound.
15:31 of 3rd period - Wrist shot by Carter Rowney.
15:31 of 3rd period - Stopped by Jonathan Quick with a rebound.
15:33 of 3rd period - Wrist shot by Artturi Lehkonen.
15:33 of 3rd period - Deflect By Carter Rowney.
15:33 of 3rd period - Shot Blocked by Marc-Edouard Vlasic.
15:33 of 3rd period - Puck is out of play.
15:34 of 3rd period - Christian Dvorak wins face-off versus Tomas Hertl in Blues zone.
15:58 of 3rd period - Minor Penalty to Evander Kane for Tripping.
15:59 of 3rd period - Tomas Hertl wins face-off versus Michael Frolik in Blues zone.
16:00 of 3rd period - Snap shot by Alexander Radulov.
16:00 of 3rd period - Shot Misses the Net.
17:58 of 3rd period - Penalty to Evander Kane is over, Evander Kane is back on ice.
18:13 of 3rd period - Andy Greene is hit by Danny DeKeyser and loses puck.
18:24 of 3rd period - Wrist shot by Jonathan Drouin.
18:24 of 3rd period - Deflect By Christian Dvorak.
18:24 of 3rd period - Stopped by Semyon Varlamov with a rebound.
19:07 of 3rd period - Blues, Jonathan Quick is pulled from the net.
19:27 of 3rd period - Wrist shot by Alex Ovechkin.
19:27 of 3rd period - Goal by Alex Ovechkin - Blues : 1 - Kings : 3.
19:27 of 3rd period - Jonathan Quick from Blues was sent back in the game.
19:28 of 3rd period - Tomas Hertl wins face-off versus Christian Dvorak in neutral zone.
Goals for this period are 0 for Blues vs 2 for Kings.
Shots for this period are 8 for Blues vs 13 for Kings.